AoeStats
← earlitepainters

Arena

508994209Analyzed
2v2 RM · 8d ago on Sep 25, 2026· 76m 2s· 4 players
Game mode
Random Map
Map size
Medium (4 player)
Population
200
Speed
Normal
Resources
Standard
Victory
Conquest
Starting age
Dark Age
Ending age
Imperial Age
RankedLock teamsTeams togetherTeam positionsShared explorationLock speedFull tech treeHidden civsTurbo modeCheats
Victory
Defeat
🇨🇱 Persians · Chile
1344
+14
🇨🇱 Aztecs · Chile
1269
+18
🇺🇸 Ethiopians · United States
1330
-17
🇦🇺 Turks · Australia
1274
-15
VENI.VIDI.VICI.
11:06 Feudal Age
11:55 Double-Bit Axe
14:35 Castle Age
15:05 Loom
15:36 Bow Saw
15:14 Horse Collar
20:23 Gold Mining
23:15 Scale Mail Armor
24:54 Chain Mail Armor
27:17 Wheelbarrow
26:34 Fletching
27:18 Squires
30:22 Royal Heirs
31:31 Forging
32:16 Hand Cart
34:51 Iron Casting
38:11 Imperial Age
39:25 Plate Mail Armor
39:56 Blast Furnace
39:23 Conscription
40:36 Elite Shotel Warrior
42:05 Siege Engineers
43:38 Halberdier
48:06 Fortified Wall
59:55 Bodkin Arrow
61:08 Bracer
61:08 Padded Archer Armor
61:19 Crossbowman
62:05 Thumb Ring
62:29 Caravan
62:48 Arbalester
66:21 Ballistics
67:32 Leather Archer Armor
69:25 Elite Skirmisher
earlitepainters
10:35 Feudal Age
11:42 Loom
15:02 Castle Age
14:27 Bloodlines
19:21 Double-Bit Axe
20:48 Scale Barding Armor
22:26 Forging
23:39 Bow Saw
25:11 Horse Collar
28:41 Imperial Age
29:05 Iron Casting
29:24 Wheelbarrow
30:36 Stone Mining
32:19 Ballistics
32:44 Redemption
35:24 Hand Cart
37:09 Artillery
39:38 Elite Janissary
40:41 Fervor
40:56 Sanctity
41:18 Theocracy
51:42 Padded Archer Armor
51:33 Fletching
52:32 Heavy Camel Rider
54:05 Husbandry
54:30 Chain Barding Armor
56:39 Plate Barding Armor
57:05 Blast Furnace
58:53 Caravan
61:51 Two-Man Saw
62:20 Hoardings
Tecno
6:57 Loom
9:59 Feudal Age
14:40 Castle Age
12:50 Double-Bit Axe
16:07 Bow Saw
20:08 Town Watch
23:58 Masonry
26:52 Wheelbarrow
27:23 Wheelbarrow
26:49 Horse Collar
27:23 Town Patrol
28:36 Hand Cart
32:12 Imperial Age
30:31 Scale Barding Armor
30:37 Forging
31:20 Bloodlines
31:11 Husbandry
31:40 Heavy Plow
31:33 Gold Mining
31:49 Husbandry
32:07 Cavalier
32:42 Light Cavalry
36:52 Iron Casting
37:55 Architecture
37:54 Chain Barding Armor
39:22 Blast Furnace
39:36 Savar
39:54 Capped Ram
41:38 Plate Barding Armor
43:59 Siege Ram
46:40 Kamandaran
46:49 Crossbowman
47:35 Thumb Ring
53:15 Conscription
53:01 Fletching
53:11 Padded Archer Armor
54:30 Bodkin Arrow
54:51 Leather Archer Armor
59:52 Caravan
65:51 Chemistry
71:16 Leather Archer Armor
75:42 Ring Archer Armor
BERNARDO
10:53 Feudal Age
14:25 Castle Age
12:45 Double-Bit Axe
15:33 Bow Saw
18:32 Scale Mail Armor
21:05 Wheelbarrow
22:12 Sanctity
28:02 Imperial Age
25:36 Pikeman
26:27 Gold Mining
28:38 Gambesons
28:44 Onager
30:00 Elite Skirmisher
31:33 Block Printing
31:56 Chain Mail Armor
34:36 Loom
38:56 Careening
39:31 Redemption
40:25 Redemption
46:50 Fervor
48:09 Fervor
50:25 Illumination
51:10 Theocracy
54:28 Gold Shaft Mining
54:56 Hand Cart
54:07 Crossbowman
55:13 Atonement
57:01 Ballistics
57:59 Fletching
58:36 Bodkin Arrow
59:56 Chemistry
59:45 Devotion
60:45 Herbal Medicine
60:54 Bracer
61:07 Padded Archer Armor
61:34 Capped Ram
62:30 Siege Ram
67:54 Leather Archer Armor
68:34 Plate Mail Armor
69:43 Forging
74:03 Iron Casting
74:41 Conscription
Connection lost

Rejoining the realm…

Still unreachable

The connection could not be restored.

Session expired

The server has moved on; the page needs a fresh start.